 Dungeon Crawl Stone Soup version 0.17-a0-1637-g5d65775 (console) character file.

60496 Monkaria the Devastator (level 14, -4/80 HPs)
             Began as a Deep Elf Conjurer on Aug 6, 2015.
             Was a High Priest of Vehumet.
             Slain by a spriggan rider
             ... wielding a +0 spear
              (23 damage)
             ... on level 7 of the Lair of Beasts on Aug 7, 2015.
             The game lasted 01:35:04 (30862 turns).

Monkaria the Devastator (Deep Elf Conjurer)        Turns: 30862, Time: 01:35:04

Health: -4/80      AC: 17    Str:  5    XL:     14   Next: 57%
Magic:  23/34      EV: 17    Int: 32    God:    Vehumet [*****.]
Gold:   1367       SH:  0    Dex: 22    Spells: 6 memorised, 16 levels left

rFire  . . .     SeeInvis .     N - staff of poison
rCold  + + .     Clarity  .     l - +1 ring mail of Ucuxt {-Tele Int+6 Dex+4}
rNeg   . . .     SustAt   .     (no shield)
rPois  +         Gourm    .     v - +2 helmet
rElec  .         Spirit   .     Q - +0 cloak
rCorr  .         Warding  .     (no gloves)
rMut   .         NoTele   +     R - +0 pair of boots (curse)
MR     +....                    (no amulet)
Stlth  +++.......               U - +3 ring of dexterity
                                t - ring of protection from cold

@: somewhat resistant to hostile enchantments, fairly stealthy
A: iridescent scales 1, cold resistance 1
a: Renounce Religion


You were on level 7 of the Lair of Beasts.
You worshipped Vehumet.
Vehumet was extremely pleased with you.
You were not hungry.

You visited 3 branches of the dungeon, and saw 20 of its levels.

You collected 1367 gold pieces.

Inventory:

Hand weapons
 C - the +5 halberd of Corporal Punishment {flame, rPois rN+ MR+}
   (You found it on level 4 of the Lair of Beasts)

   It has been specially enchanted to burn those struck by it, causing extra
   injury to most foes and up to half again as much damage against particularly
   susceptible opponents.
   Big, fiery blades are also staple armaments of hydra-hunters.
   It protects you from poison.
   It protects you from negative energy.
   It affects your resistance to hostile enchantments.
 K - a +1 blowgun
Missiles
 F - 2 throwing nets (quivered)
 P - 62 poisoned needles
Armour
 j - a +1 robe of magic resistance
 l - the +1 ring mail of Ucuxt (worn) {-Tele Int+6 Dex+4}
   (You found it on level 5 of the Dungeon)

   It affects your intelligence (+6).
   It affects your dexterity (+4).
   It prevents most forms of teleportation.
 v - a +2 helmet (worn)
 w - a +2 robe of fire resistance
 Q - a +0 cloak (worn)
 R - a cursed +0 pair of boots (worn)
Magical staves
 N - an uncursed staff of poison (weapon)
Jewellery
 a - an uncursed ring of invisibility
 t - a ring of protection from cold (left hand)
 A - an uncursed amulet of regeneration
 T - an uncursed ring of see invisible
 U - a +3 ring of dexterity (right hand)
Magical devices
 f - a wand of lightning (8)
 h - a wand of lightning (8)
 o - a wand of fireball (6)
 r - a wand of hasting (3)
 s - a wand of magic darts (19)
 y - a wand of digging (9)
 O - a wand of lightning (3)
 Z - a wand of frost (22)
Scrolls
 b - a scroll of magic mapping
 e - 4 scrolls of teleportation
 g - 11 scrolls of remove curse
 x - a scroll of recharging
 z - 5 scrolls of fog
 D - 2 scrolls of identify
 G - 3 scrolls of blinking
Potions
 i - 6 potions of brilliance
 k - 2 potions of resistance
 m - 2 potions of flight
 n - 5 potions of curing
 p - a potion of magic
 q - 4 potions of lignification
 u - 2 potions of invisibility
 E - a potion of cancellation
 J - 3 potions of agility
 V - 6 potions of heal wounds
Miscellaneous
 B - a phantom mirror
Comestibles
 c - 8 bread rations
 d - 2 chunks of flesh


   Skills:
 - Level 6.0 Fighting
 - Level 8.0 Armour
 - Level 13.0 Dodging
 - Level 6.0 Stealth
 - Level 14.0 Spellcasting
 - Level 15.0 Conjurations
 + Level 3.5 Fire Magic
 - Level 8.0 Earth Magic
 - Level 6.0 Evocations


You had 16 spell levels left.
You knew the following spells:

 Your Spells              Type           Power        Failure   Level  Hunger
a - Magic Dart            Conj           ####         0%          1    None
b - Searing Ray           Conj           ######       1%          2    None
c - Iskenderun's Mystic   Conj           #######.     1%          4    None
d - Iskenderun's Battles  Conj/Chrm      ######..     3%          5    None
e - Iron Shot             Conj/Erth      #######...   3%          6    ###....
f - Delayed Fireball      Conj/Fire      N/A          61%         7    #####..


Dungeon Overview and Level Annotations

Branches:
Dungeon (11/15)            Temple (1/1) D:5            Lair (8/8) D:10
 Shoals (0/4) Lair:5       Spider (0/4) Lair:5        Slime (0/6) Lair:6
    Orc: D:9-12

Altars:
Ashenzari
Cheibriados
Dithmenos
Elyvilon
Fedhas
Gozag
Kikubaaqudgha
Makhleb
Nemelex Xobeh
Okawaru
Qazlal
Ru
Sif Muna
Trog
Vehumet
Xom
Yredelemnul
Zin
The Shining One
Jiyva

Shops:
D:5 [

Annotations:
Lair:4 exclusion: oklob plant


Innate Abilities, Weirdness & Mutations

You are partially covered in iridescent scales (AC +4).
Your flesh is cold resistant.


Message History

Your battlesphere fires!
The barrage of energy hits the yak.
The yak is almost dead.
The yak gores you!
The spriggan rider hits you from afar with an uncursed spear.
The yak gores you but does no damage.
Casting: Iskenderun's Mystic Blast
Confirm with . or Enter, or press ? or * to list all spells.
Aiming: Iskenderun's Mystic Blast
Press: ? - help, Shift-Dir - straight line, f/p - yak
Aim: a yak (almost dead)
The orb of energy hits the yak.
You kill the yak!
Vehumet accepts your kill.
You feel your power returning.
Your battlesphere fires!
The yak gores you!
* * * LOW HITPOINT WARNING * * *
The spriggan rider hits you from afar with an uncursed spear!!
You die...

####### ......#
....### ...#######
#### ...#.#...##
#..# ........#.#
#..# ..........#
##..#
.........######P@*#
........###.##PY†Y#
.........###.Pi...#
........#.#.......#
...............>..#
..................#
..................#
..................#
.................##


You could see a spriggan rider and 2 yaks.

Vanquished Creatures
  Maud (Lair:7)
  7 hydras
  Erolcha (D:8)
  7 death yaks
  A catoblepas (Lair:6)
  An unseen horror (D:10)
  A hill giant (D:11)
  Pikel (D:8)
  An orb spider (Lair:5)
  An oklob plant (Lair:7)
  4 griffons
  6 black mambas
  2 ugly things (D:11)
  Joseph (D:8)
  A gargoyle (D:10)
  13 spiny frogs
  8 komodo dragons
  A spriggan druid (Lair:7)
  11 polar bears
  30 blink frogs
  A trapdoor spider zombie (D:9)
  2 slime creatures (D:7)
  A snapping turtle (Lair:5)
  A two-headed ogre (D:9)
  3 redbacks
  42 yaks
  A human (D:9)
  A hungry ghost (D:9)
  2 wyverns
  27 wolves
  4 basilisks
  10 spriggans (Lair:8)
  A deep elf mage (D:10)
  5 hippogriffs
  Menkaure (D:6)
  13 water moccasins
  6 orc warriors
  13 porcupines
  3 eyes of draining
  2 slaves (D:8)
  5 ice beasts
  6 necrophages (Lair:5)
  4 wasps
  10 black bears
  A sky beast (D:5)
  12 crocodiles
  4 ogres
  8 centaurs
  3 phantoms
  17 giant frogs
  A big kobold (D:7)
  A wyvern zombie (D:6)
  A wyvern skeleton (D:11)
  A water moccasin zombie (D:3)
  3 scorpions
  13 wights
  11 killer bees
  An electric eel (Lair:4)
  4 crimson imps
  7 hounds
  2 giant frog zombies (D:9)
  9 orc wizards
  A centaur zombie (D:11)
  A centaur skeleton (D:6)
  7 orc priests
  13 iguanas
  3 giant frog skeletons
  7 jellies
  7 worker ants
  39 sheep
  A killer bee zombie (D:10)
  A hound zombie (D:7)
  2 hound skeletons
  15 adders
  A gnoll (D:1)
  42 river rats
  2 shadow imps
  2 oozes
  An adder zombie (D:7)
  An adder skeleton (D:7)
  3 worms
  6 giant geckos
  46 orcs
  2 ball pythons
  5 bats (D:2)
  13 giant cockroaches
  8 hobgoblins
  17 jackals
  18 kobolds
  4 quokkas
  A giant gecko skeleton (D:8)
  4 giant newts
  10 goblins
  A quokka zombie (D:9)
  12 rats
  2 fungi (Lair:8)
  2 plants
662 creatures vanquished.

Vanquished Creatures (others)
  A slave (D:8)
  A scorpion (D:4)
  A butterfly (Lair:4)
  45 fungi
  18 plants
66 creatures vanquished.

Grand Total: 728 creatures vanquished

Notes
Turn   | Place    | Note
--------------------------------------------------------------
     0 | D:1      | Monkaria the Deep Elf Conjurer began the quest for the Orb.
     0 | D:1      | Reached XP level 1. HP: 10/10 MP: 6/6
   471 | D:1      | Reached XP level 2. HP: 15/15 MP: 5/8
   485 | D:1      | Reached skill level 5 in Conjurations
   741 | D:1      | Learned a level 2 spell: Searing Ray
   817 | D:1      | Reached XP level 3. HP: 19/19 MP: 7/9
  1707 | D:2      | Reached skill level 6 in Conjurations
  1922 | D:2      | Reached XP level 4. HP: 24/24 MP: 7/10
  2903 | D:3      | Reached skill level 7 in Conjurations
  2903 | D:3      | Reached XP level 5. HP: 16/28 MP: 1/11
  3740 | D:4      | Found a radiant altar of Vehumet.
  3853 | D:4      | Reached skill level 8 in Conjurations
  4077 | D:4      | Got a scorched flail
  4184 | D:4      | Reached XP level 6. HP: 32/32 MP: 0/12
  4326 | D:4      | Found a bloodstained altar of Trog.
  4418 | D:4      | Found an opulent altar of Gozag.
  4937 | D:5      | Entered Level 5 of the Dungeon
  4948 | D:5      | Found a staircase to the Ecumenical Temple.
  4960 | D:5      | Got an encrusted ring mail
  4963 | Temple   | Entered the Ecumenical Temple
  5133 | D:4      | Became a worshipper of Vehumet
  5318 | D:5      | Reached skill level 9 in Conjurations
  5318 | D:5      | Reached XP level 7. HP: 28/36 MP: 4/13
  5556 | D:5      | Found a blossoming altar of Fedhas.
  5661 | D:5      | Found Nypes's Armour Shoppe.
  5767 | D:5      | Reached skill level 10 in Conjurations
  6149 | D:5      | Found a burning altar of Makhleb.
  6159 | D:5      | Found a basalt altar of Yredelemnul.
  6670 | D:6      | Reached skill level 5 in Spellcasting
  6793 | D:6      | Reached XP level 8. HP: 22/41 MP: 10/18
  6932 | D:6      | Found a white marble altar of Elyvilon.
  6944 | D:6      | Noticed Menkaure
  6956 | D:6      | Killed Menkaure
  6956 | D:6      | Acquired Vehumet's first power
  6956 | D:6      | Offered knowledge of Freeze by Vehumet.
  7366 | D:6      | Found a stormy altar of Qazlal.
  7491 | D:6      | Reached skill level 5 in Dodging
  7862 | D:7      | Found a shimmering altar of Xom.
  7877 | D:7      | Offered knowledge of Throw Frost by Vehumet.
  8521 | D:7      | Reached XP level 9. HP: 29/45 MP: 11/21
  8528 | D:7      | Learned a level 4 spell: Iskenderun's Mystic Blast
  8534 | D:7      | Learned a level 5 spell: Iskenderun's Battlesphere
  8907 | D:6      | Identified the +6 flail of the Imperium {vamp, *Corrode +Fly rPois Dex+4} (You found it on level 4 of the Dungeon)
  9190 | D:7      | Reached skill level 10 in Dodging
  9522 | D:7      | Reached skill level 11 in Dodging
  9909 | D:8      | Noticed Pikel
  9913 | D:8      | Killed Pikel
  9913 | D:8      | Offered knowledge of Static Discharge by Vehumet.
  9913 | D:8      | Reached skill level 12 in Dodging
 10008 | D:8      | Reached XP level 10. HP: 50/50 MP: 0/22
 10143 | D:8      | Noticed Joseph
 10153 | D:8      | Killed Joseph
 10161 | D:8      | Identified the +1 ring mail of Ucuxt {-Tele Int+6 Dex+4} (You found it on level 5 of the Dungeon)
 10297 | D:8      | Reached skill level 13 in Dodging
 10355 | D:8      | Noticed Erolcha
 10394 | D:8      | Killed Erolcha
 10988 | D:9      | Acquired Vehumet's second power
 11192 | D:9      | Reached skill level 1 in Fighting
 11196 | D:9      | Offered knowledge of Olgreb's Toxic Radiance by Vehumet.
 11362 | D:9      | Got a distressingly furry chain mail
 11889 | D:9      | Gained mutation: Your flesh is cold resistant. [potion of beneficial mutation]
 12046 | D:9      | Found a sparkling altar of Nemelex Xobeh.
 12061 | D:9      | Acquired Vehumet's third power
 12187 | D:9      | Reached XP level 11. HP: 62/62 MP: 18/23
 12263 | D:9      | Reached skill level 5 in Fighting
 12488 | D:9      | You fall through a shaft!
 12514 | D:11     | Reached skill level 1 in Armour
 12518 | D:11     | Gained mutation: You are partially covered in iridescent scales (AC +4). [mutagenic meat]
 12692 | D:11     | Offered knowledge of Throw Icicle by Vehumet.
 12702 | D:11     | Learned a level 6 spell: Iron Shot
 12778 | D:10     | Entered Level 10 of the Dungeon
 13212 | D:11     | Noticed a four-headed hydra
 13220 | D:11     | Killed a four-headed hydra
 13650 | D:11     | Noticed a hill giant
 13660 | D:11     | Killed a hill giant
 13660 | D:11     | Reached skill level 5 in Armour
 13956 | D:10     | Found a staircase to the Lair.
 14291 | D:10     | Offered knowledge of Force Lance by Vehumet.
 14628 | D:10     | Killed an unseen horror
 14848 | Lair:1   | Entered Level 1 of the Lair of Beasts
 14900 | Lair:1   | Identified the +2 chain mail of Tounen {Int+2 Dex+3} (You found it on level 9 of the Dungeon)
 14946 | Lair:1   | HP: 2/63 [black mamba (8)]
 15632 | Lair:1   | Reached skill level 5 in Earth Magic
 16043 | Lair:1   | Reached XP level 12. HP: 68/68 MP: 21/24
 17577 | Lair:3   | Offered knowledge of Ozocubu's Refrigeration by Vehumet.
 18261 | Lair:3   | Reached skill level 14 in Conjurations
 18476 | Lair:3   | Noticed a five-headed hydra
 18479 | Lair:3   | Killed a five-headed hydra
 20000 | Lair:4   | Noticed a six-headed hydra
 20009 | Lair:4   | Killed a six-headed hydra
 20791 | Lair:4   | Reached XP level 13. HP: 73/73 MP: 10/25
 20806 | Lair:4   | Got a pitted halberd
 20814 | Lair:4   | Identified the +5 halberd of Corporal Punishment {flame, rPois rN+ MR+} (You found it on level 4 of the Lair of Beasts)
 21577 | Lair:5   | Found a staircase to the Shoals.
 21778 | Lair:5   | Offered knowledge of Lightning Bolt by Vehumet.
 21930 | Lair:5   | Found a hole to the Spider Nest.
 23183 | Lair:6   | Reached skill level 15 in Conjurations
 23657 | Lair:6   | Found a runed door.
 23658 | Lair:6   | Found a viscous altar of Jiyva.
 23660 | Lair:6   | Found a staircase to the Slime Pits.
 24349 | Lair:6   | Reached skill level 10 in Spellcasting
 25123 | Lair:6   | Reached skill level 1 in Evocations
 25658 | Lair:7   | Found a sparkling altar of Nemelex Xobeh.
 25818 | Lair:6   | Reached skill level 5 in Evocations
 25946 | Lair:7   | Offered knowledge of Conjure Ball Lightning by Vehumet.
 26416 | Lair:7   | Reached XP level 14. HP: 80/80 MP: 2/31
 26780 | Lair:7   | Noticed Maud
 26785 | Lair:7   | Killed Maud
 26785 | Lair:7   | Reached skill level 5 in Stealth
 27877 | Lair:7   | Upgraded the game from 0.17-a0-1636-g3119f2b to 0.17-a0-1637-g5d65775
 27878 | Lair:8   | Entered Level 8 of the Lair of Beasts
 29716 | Lair:8   | Offered knowledge of Delayed Fireball by Vehumet.
 29726 | Lair:8   | Learned a level 7 spell: Delayed Fireball
 30094 | Lair:8   | Reached skill level 1 in Fire Magic
 30862 | Lair:7   | Slain by a spriggan rider

Vault maps used:
D:1:      matt_arrival_spirals, serial_curves, eino_curves_04, eino_curves_03
D:4:      fiery_altar_vehumet, lightli_temple_of_fire, grunt_gozag_breadcrumbs
D:5:      kennysheep_little_box, amethyst_overflow_temple_binary,
          minmay_temple_entry_poolview, first_bread, serial_shops, shop_coins
D:6:      nicolae_qazlal_eye_of_the_storm, mrwooster_statue_mirror,
          elyvilon_altar_4, uniq_menkaure
D:7:      lemuel_round_altar
D:8:      minmay_curly_fans, uniq_pikel, uniq_erolcha, uniq_joseph
D:9:      grunt_livestock, nemelex_dance_club_becter
D:10:     lair_0_dummy
Temple:   minmay_crystal_spiral_temple_12
Lair:1:   serial_bayou_crossing, grunt_megastairs_3, lemuel_fruit_tree
Lair:2:   beast_lair_carwin_4
Lair:3:   serial_bayou_shore_b, grunt_megastairs_4, serial_bayou_shore_a
Lair:4:   lemuel_old_faithful, infiniplex_staircase_pool, lemuel_fruit_fields
Lair:5:   minmay_shoals_entry_hut, nicolae_spider_entry_orb_guardian,
          roderic_carrion_pond
Lair:6:   slime_altar_2
Lair:7:   lemuel_oklob_altar, uniq_maud
Lair:8:   minmay_lair_end_enchanted_forest

Action                   |  1- 3 |  4- 6 |  7- 9 | 10-12 | 13-15 || total
-------------------------+-------+-------+-------+-------+-------++-------
Melee: Unarmed           |     2 |     1 |     8 |       |       ||    11
       Staff             |       |       |    28 |    47 |    74 ||   149
 Fire: Blowgun           |       |       |       |     4 |       ||     4
 Cast: Magic Dart        |    78 |   109 |    81 |   231 |   113 ||   612
       Searing Ray       |       |    14 |    55 |   178 |    92 ||   339
       Iskenderun's Myst |       |       |    10 |    78 |   175 ||   263
       Iskenderun's Batt |       |       |       |     9 |    20 ||    29
       Iron Shot         |       |       |       |     1 |    48 ||    49
Evoke: Wand              |       |       |       |     2 |     3 ||     5
  Use: Scroll            |       |     7 |     6 |    19 |     4 ||    36
       Potion            |       |       |       |     7 |     6 ||    13
 Stab: Sleeping          |       |       |       |     1 |       ||     1
  Eat: Chunk             |     3 |    10 |    16 |    34 |    38 ||   101
       Pizza             |       |       |       |     1 |       ||     1
       Beef jerky        |       |       |       |     1 |     1 ||     2
       Meat ration       |       |       |       |     1 |       ||     1
       Fruit             |       |       |       |       |     2 ||     2
